 Dungeon Crawl Stone Soup version 0.31-a0-986-g5e6e4ef867 (webtiles) character file.

Game seed: 9144858827011438261

95 IdlyInterested the Changeling (level 4, -4/32 HPs)
             Began as a Demonspawn Shapeshifter on Nov 3, 2023.
             Killed by divine providence
             ... invoked by an orc priest
              (9 damage)
             ... on level 3 of the Dungeon.
             The game lasted 00:05:23 (2039 turns).

IdlyInterested the Changeling (DsSh)                Turns: 2039, Time: 00:05:24

Health: -4/32      AC: 12    Str: 16    XL:     4   Next: 39%
Magic:  4/4        EV: 12    Int: 11    God:
Gold:   95         SH:  0    Dex: 13    Spells: 3/3 levels left

rFire   . .          .
                       - Unarmed
rCold   . . .        (no shield)
rNeg    . . .        e - +1 animal skin
rPois   +            w - melded +0 helmet
rElec   .            (cloak currently unavailable)
rCorr   .            (gloves currently unavailable)
SInv    .            (boots currently unavailable)
Will    .....        (no amulet)
Stlth   +            a - ring of poison resistance
HPRegen 0.25/turn    (no ring)
MPRegen 0.09/turn

%: no passive effects
@: beast-form, sanguine armoured
A: beast (slay +2), sanguine armour 2
a: Begin Untransformation


You were on level 3 of the Dungeon.
You were a hulking beast.
You visited 1 branch of the dungeon, and saw 3 of its levels.

You collected 95 gold pieces.

Inventory:

Hand Weapons
 f - a +0 falchion
 h - a +0 flail
 l - a +0 short sword
 o - a +0 trident
 q - a +1 short sword of electrocution
Missiles
 m - 10 stones (quivered)
 x - 11 poisoned darts
Armour
 e - a +1 animal skin (worn)
 g - a +0 scale mail
 k - a +0 leather armour
 p - a +0 plate armour
 t - a +0 ring mail
 w - a +0 helmet (melded)
Jewellery
 a - a ring of poison resistance (left hand)
Talismans
 c - a beast talisman (active)
 d - a flux talisman
Scrolls
 i - a scroll of teleportation {unknown}
 j - a scroll of immolation {unknown}
 u - a scroll of amnesia {unknown}
 y - a scroll of identify {unknown}
Potions
 b - a potion of lignification
 n - a potion of degeneration {unknown}
 r - a potion of attraction
 s - a potion of mutation {unknown}
 v - a potion of invisibility {unknown}


   Skills:
 - Level 1.0 Fighting
 - Level 1.0 Throwing
 - Level 1.0 Armour
 - Level 1.7 Dodging
 - Level 2.6 Unarmed Combat
 + Level 0.8 Evocations
 * Level 4.0 Shapeshifting


You had 3 spell levels left.
You didn't know any spells.
Your spell library contained the following spells:

 Spells                   Type           Power      Damage    Failure   Level
 Sublimation of Blood     Necr           0%         N/A       47%         2
 Wereblood                Tmut           0%         N/A       47%         2
 Summon Hydra             Summ           0%         N/A       100%        7


Dungeon Overview and Level Annotations

Branches:
Dungeon (3/15)

Altars:


Innate Abilities, Weirdness & Mutations

You are a hulking beast.
Your limbs bulge with bestial killing power. (Slay +2)
When seriously injured, your blood forms thick armour. (AC +9)


Message History

You hit the orc.
You kill the orc!
You hear a shout!
The orc priest mumbles some strange prayers to Beogh against you.
Beogh smites you!
You hear an angry hiss.
You punch the orc!
You kill the orc!
Throw: 13 stones
Press: ? - help, Q - select action, (/) - cycle Shift-Dir - straight line, f - giant cockroach
Aim: a giant cockroach (56% to hit)
You throw a stone. The stone hits the giant cockroach.
The giant cockroach is moderately wounded.
You closely miss the giant cockroach.
The giant cockroach is moderately wounded.
The giant cockroach bites you but does no damage. x2
You hit the giant cockroach.
You kill the giant cockroach!
The kobold throws a stone.
The stone barely misses you.
Throw: 12 stones
Press: ? - help, Q - select action, (/) - cycle Shift-Dir - straight line, f - kobold
Aim: a kobold, wielding a +2 whip of electrocution and quivering stones (50% to hit)
You throw a stone. The stone closely misses the kobold.
The stone hits the orc priest but does no damage.
The kobold throws a stone.
The stone hits you but does no damage.
Throw: 11 stones
Press: ? - help, Q - select action, (/) - cycle Shift-Dir - straight line, f/p - kobold
Aim: a kobold, wielding a +2 whip of electrocution and quivering stones (50% to hit)
You throw a stone. The stone hits the kobold.
You kill the kobold!
The orc priest invokes the aid of Beogh against you.
Beogh smites you!
* * * LOW HITPOINT WARNING * * *
Items here: ))) [[ ††.
You barely miss the orc priest. Your punch misses the orc priest.
The orc priest hits you but does no damage.
You barely miss the orc priest.
The orc priest invokes the aid of Beogh against you.
Beogh smites you!
You die...

#.. ####...######.##.#
###.######.#######.#...
#......###.##........##
#..>.............#.
####.##.###.######.##
#.##.# #.# #... #.##.#
#.# ###. #)##.# #.# #.
#h##.# #.# #. #o##.#
#.# #. ..##.# .# #.
##.##.# #. ... #. #.#
.########. #..
.......... #.#
##########


You could see an orc priest.

Vanquished Creatures
  Robin (D:2)
  An adder (D:2)
  A worm (D:2)
  3 dart slugs
  4 orcs (D:3)
  5 endoplasms
  3 giant cockroaches
  6 hobgoblins
  2 kobolds
  A quokka (D:1)
  5 ball pythons
  2 bats
  2 frilled lizards
  16 goblins
  4 rats
56 creatures vanquished.

Notes
Turn   | Place    | Note
-------+----------+-------------------------------------------
     0 | D:1      | IdlyInterested the Demonspawn Shapeshifter began the quest
                  | for the Orb.
     0 | D:1      | Reached XP level 1. HP: 15/15 MP: 1/1
   129 | D:1      | Reached skill level 3 in Shapeshifting
   338 | D:1      | Gained mutation: When seriously injured, your blood forms
                  | armour. (AC +9) [demonic ancestry]
   338 | D:1      | Reached XP level 2. HP: 21/21 MP: 2/2
   585 | D:1      | Reached skill level 1 in Armour
   706 | D:1      | Found a faded altar of an unknown god.
  1099 | D:2      | Gained mutation: When seriously injured, your blood forms
                  | thick armour. (AC +9) [demonic ancestry]
  1099 | D:2      | Reached XP level 3. HP: 26/26 MP: 3/3
  1324 | D:2      | Noticed Robin
  1357 | D:2      | HP: 1/26 [Robin/+0 trident (7)]
  1362 | D:2      | Killed Robin
  1363 | D:2      | Reached skill level 1 in Throwing
  1547 | D:2      | Reached XP level 4. HP: 31/32 MP: 4/4
  1939 | D:3      | Identified the "Ryomauh"
  1939 | D:3      | Identified the "Goupnum"
  1939 | D:3      | Identified the "Metaotol"
  2014 | D:3      | Reached skill level 4 in Shapeshifting
  2039 | D:3      | Killed from afar by an orc priest

Illustrated notes

Levels and vault maps discovered:
D:1:      minmay_arrival_four_circles, layout_basic,
          shapermc_ecumenical_altar_flowoftime, patterned_corridor
D:2:      layout_loops_ring, uniq_robin
D:3:      layout_loops_ring, amcnicky_altar_gilded, cheibriados_altar_1,
          nicolae_sif_muna_little_library, uniq_natasha

Skill      XL: |  1  2  3  4 |
---------------+-------------+-----
Shapeshifting  | 3 4 |  4.0
Armour         | 1 |  1.0
Throwing       | 1 |  1.0
Fighting       | |  1.0
Dodging        | |  1.7
Unarmed Combat | |  2.6
Evocations     | |  0.8

Action                     |  1- 3 |  4- 6 || total
---------------------------+-------+-------++-------
  Melee: Unarmed           |   141 |    47 ||   188
         Punch             |     6 |     1 ||     7
  Throw: Stone             |     1 |     3 ||     4
    Use: Potion            |     2 |       ||     2
 Armour: Scale mail        |    35 |       ||    35
         Animal skin       |     9 |    22 ||    31
         Plate armour      |    61 |       ||    61
  Dodge: Dodged            |    34 |    18 ||    52
   Form: Beast             |     2 |       ||     2
                           |     1 |       ||     1

Table legend: (Time is in decaauts)
 A = Elapsed time spent in this place.
 B = Non-inter-level travel time spent in this place.
 C = Inter-level travel time spent in this place.
 D = Time resting spent in this place.
 E = Time spent auto-exploring this place.
 F = Levels seen in this place.
 G = Mean time per level.
                   A        B        C        D        E       F      G
               +--------+--------+--------+--------+--------+-----+--------+
         Total |   2030 |   1911 |    119 |    129 |   1262 |   3 |  676.7 |
       Dungeon |   2030 |   1911 |    119 |    129 |   1262 |   3 |  676.7 |
               +--------+--------+--------+--------+--------+-----+--------+

Top non-repeatable levels by time:
     D:2: 970 daAuts
     D:1: 960 daAuts
     D:3: 99 daAuts
